Map: Frostline LE

Players

Hafad

  • Race: Protoss Protoss
  • League: Platinum
  • Spawn Location: 7:00

Souv - Winner!

  • Race: Protoss Protoss
  • League: Master
  • Spawn Location: 1:00

VOD

Have the link to the VOD?

Description

Time

  • Played on: March 5, 2025, 2:29 p.m.
  • Length: 19:41
Show
View Real Time Build Order
Export as new Build Order

Hafad Protoss 

Build Orders: 1 Gate Expand, Double Forge 

Get SALT Encoding   

  12  0:00  Probe  
  13  0:12  Probe  
  14  0:19  Pylon  
  14  0:24  Probe  
  15  0:37  Probe  
  15  0:39  Gateway  
  16  0:50  Probe  
  16  0:51  Assimilator  
  17  0:58  Probe  
  18  1:06  Probe  
  19  1:17  Probe  
  20  1:27  Cybernetics Core  
  20  1:36  Nexus  
  20  1:43  Probe  
  21  1:47  Assimilator  
  21  1:55  Pylon, Probe, Warp Gate  
  22  2:13  Adept  
  24  2:18  Gateway  
  24  2:21  Probe  
  24  2:22  Shield Battery  
  24  2:29  Probe  
  26  2:38  Probe  
  26  2:40  Stalker  
  29  2:50  Probe  
  30  2:52  Robotics Facility  
  30  3:06  Probe x2  
  32  3:18  Probe x2  
  35  3:34  Probe x2  
  35  3:40  Immortal  
  40  3:43  Stalker  
  40  3:44  Stalker  
  40  3:46  Probe x2  
  46  4:07  Pylon  
  46  4:11  Pylon  
  46  4:25  Probe x2  
  46  4:26  Sentry  
  46  4:28  Immortal  
  54  4:35  Assimilator  
  54  4:37  Probe x2, Assimilator  
  56  4:49  Forge, Probe x2  
  56  4:50  Forge  
  58  5:00  Pylon  
  58  5:01  Probe x2  
  60  5:08  Stalker  
  60  5:09  Gateway  
  60  5:10  Gateway  
  60  5:12  Gateway  
  62  5:18  Immortal  
  62  5:20  Probe  
  67  5:21  Probe  
  67  5:25  Pylon  
  67  5:27  Photon Cannon  
  68  5:34  Protoss Ground Weapons Level 1, Protoss Ground Armor Level 1  
  68  5:39  Photon Cannon  
  68  5:40  Stalker  
  70  5:55  Stalker  
  72  5:57  Immortal  
  76  6:16  Probe x2  
  78  6:25  Nexus  
  78  6:26  Pylon  
  78  6:29  Pylon  
  78  6:44  Probe x2  
  80  6:52  Robotics Facility  
  80  6:55  Robotics Bay  
  80  6:56  Probe x2  
  82  7:04  Twilight Council  
  82  7:05  Stalker x5  
  82  7:08  Probe x2  
  94  7:19  Pylon  
  94  7:23  Pylon  
  94  7:26  Pylon  
  94  7:33  Protoss Ground Weapons Level 2  
  94  7:36  Probe x2  
  96  7:39  Protoss Ground Armor Level 2  
  96  7:42  Stalker x3  
  96  7:43  Stalker x2  
  106  7:54  Extended Thermal Lance  
  106  7:59  Assimilator  
  106  8:03  Colossus  
  106  8:04  Assimilator  
  112  8:08  Probe x3  
  115  8:16  Colossus  
  121  8:20  Probe x2  
  121  8:24  Stalker x2  
  127  8:33  Probe x3  
  130  8:45  Probe x3  
  133  8:53  Pylon  
  129  8:55  Gateway  
  129  8:56  Pylon x2  
  129  8:57  Gateway  
  102  9:22  Stalker x3  
  108  9:25  Stalker x2  
  108  9:28  Immortal x2  
  120  9:32  Pylon  
  120  9:35  Shield Battery  
  120  9:55  Templar Archives  
  120  10:02  Protoss Ground Weapons Level 3  
  120  10:03  Gateway  
  120  10:05  Gateway  
  120  10:06  Gateway  
  120  10:08  Gateway, Colossus  
  120  10:09  Charge  
  120  10:11  Immortal  
  130  10:14  Zealot x2  
  134  10:33  Psionic Storm  
  134  10:35  High Templar x2  
  136  10:42  Probe x2  
  140  10:43  Probe  
  141  10:55  Stalker x3  
  147  10:59  Nexus  
  147  11:00  Pylon  
  147  11:03  Pylon  
  90  11:33  Stalker x2  
  90  11:34  Stalker x6  
  94  11:52  Probe x2  
  96  11:56  Protoss Ground Armor Level 3  
  96  12:04  Probe x2  
  96  12:06  High Templar x2  
  102  12:10  Archon  
  102  12:16  Probe x2  
  102  12:19  Probe  
  105  12:28  Probe  
  105  12:29  Probe  
  107  12:46  Stargate  
  107  12:49  Protoss Shields Level 1  
  107  12:53  Assimilator x2  
  107  12:57  Colossus, Immortal  
  117  12:59  Zealot x3  
  123  13:11  Stargate  
  122  13:26  Probe x2  
  124  13:31  Stalker x3  
  130  13:35  Nexus  
  130  13:38  Pylon  
  130  13:39  Probe x3  
  133  13:43  Photon Cannon  
  133  13:51  Probe x2  
  133  13:52  Phoenix  
  133  13:55  Probe  
  138  14:03  Probe  
  138  14:05  High Templar x2  
  138  14:06  High Templar x3  
  138  14:09  Archon  
  149  14:10  Archon  
  149  14:17  Zealot x4  
  156  14:44  Stalker x4  
  164  14:50  Nexus  
  164  14:51  Pylon  
  164  14:53  Protoss Shields Level 2  
  164  15:06  Pylon  
  164  15:09  Pylon  
  164  15:15  Pylon  
  164  15:27  Probe  
  164  15:28  Probe x2  
  167  15:36  Shield Battery  
  167  15:40  Probe x2  
  167  15:41  Photon Cannon  
  120  15:56  Stalker x4  
  99  15:57  Stalker x4  
  85  16:04  Zealot  
  85  16:05  Zealot  
  57  16:20  Zealot  
  57  16:21  Zealot x4  
  62  16:38  Stalker x3  
  62  16:39  Stalker x2  
  50  16:55  Immortal  
  50  16:58  Stalker x2  
  50  16:59  Stalker  
  60  17:09  Stalker  
  60  17:10  Stalker  
  64  17:28  Sentry  
  66  17:31  Immortal  
  66  17:33  High Templar x2  
  66  17:34  High Templar x2  
  78  17:41  Archon x2  
  78  17:42  High Templar  
  80  17:44  High Templar  
  82  17:51  Stalker  
  82  17:52  Stalker  
  80  18:24  Zealot x2  
  80  18:25  Zealot x2  
Show
View Real Time Build Order
Export as new Build Order

Souv Protoss - Winner!

Build Orders:  

Get SALT Encoding   

  12  0:00  Probe  
  13  0:12  Probe  
  14  0:17  Pylon  
  14  0:24  Probe  
  15  0:36  Probe  
  15  0:41  Gateway  
  16  0:48  Probe  
  17  0:57  Probe  
  17  1:02  Assimilator  
  17  1:04  Assimilator  
  18  1:05  Probe  
  19  1:14  Gateway  
  19  1:26  Probe  
  19  1:28  Cybernetics Core  
  20  1:38  Probe  
  21  1:52  Probe  
  22  2:04  Probe  
  23  2:09  Pylon  
  23  2:15  Warp Gate  
  23  2:18  Stalker x2  
  27  2:32  Nexus  
  27  2:40  Pylon  
  27  2:44  Probe  
  28  2:56  Stalker  
  28  3:04  Stalker  
  27  3:06  Probe  
  32  3:18  Probe, Robotics Facility  
  33  3:32  Probe  
  34  3:37  Twilight Council  
  34  3:41  Forge  
  34  3:46  Probe  
  35  3:48  Pylon  
  35  3:54  Probe  
  36  3:58  Probe  
  37  4:06  Probe  
  37  4:07  Observer, Blink  
  38  4:10  Probe  
  40  4:18  Probe  
  40  4:21  Stalker  
  40  4:23  Stalker  
  45  4:25  Probe  
  46  4:35  Protoss Ground Weapons Level 1  
  46  4:36  Immortal  
  50  4:39  Probe  
  50  4:40  Probe  
  52  4:46  Assimilator  
  52  4:48  Assimilator  
  52  4:52  Probe  
  53  4:53  Probe  
  53  4:57  Shield Battery  
  54  5:04  Stalker  
  54  5:05  Probe  
  54  5:06  Probe  
  58  5:20  Immortal  
  58  5:34  Gateway  
  62  5:36  Gateway  
  62  5:50  Pylon  
  62  5:51  Pylon  
  62  5:53  Pylon  
  62  6:08  Probe x2  
  62  6:09  Immortal  
  62  6:10  Stalker  
  70  6:12  Nexus  
  70  6:17  Pylon  
  70  6:26  Pylon  
  70  6:28  Pylon  
  70  6:29  Probe  
  70  6:30  Probe  
  72  6:34  Pylon  
  72  6:39  Stalker  
  74  6:40  Stalker  
  74  6:41  Probe  
  77  6:48  Immortal  
  81  6:55  Probe x2  
  83  7:02  Stalker x2  
  87  7:11  Stalker x2  
  91  7:15  Protoss Ground Weapons Level 2  
  91  7:21  Immortal  
  95  7:31  Forge, Probe x2  
  95  7:32  Probe  
  98  7:43  Probe x2  
  100  7:44  Probe  
  100  7:46  Stalker x2  
  105  7:56  Probe x2  
  105  7:57  Probe  
  108  8:00  Stalker x2  
  108  8:01  Warp Prism  
  114  8:23  Probe x3  
  117  8:27  Pylon  
  117  8:28  Pylon  
  117  8:33  Gateway  
  117  8:34  Gateway  
  117  8:36  Gateway, Probe x3  
  117  8:38  Gateway  
  120  9:07  Stalker x3  
  120  9:08  Stalker  
  115  9:17  Protoss Ground Weapons Level 3  
  115  9:19  Protoss Ground Armor Level 1  
  115  9:20  Probe x2  
  115  9:21  Probe  
  118  9:32  Probe  
  118  9:33  Probe x2  
  121  9:38  Nexus  
  121  9:40  Pylon  
  121  9:42  Gateway  
  121  9:43  Gateway, Pylon  
  121  9:45  Gateway  
  121  9:47  Gateway  
  121  9:49  Probe x3, Photon Cannon  
  124  9:53  Gateway x2, Assimilator  
  124  9:57  Assimilator  
  124  10:18  Stalker x5  
  124  10:19  Stalker x3  
  140  10:48  Zealot x3  
  140  10:49  Zealot  
  90  11:34  Immortal  
  90  11:36  Protoss Ground Armor Level 2  
  90  11:37  Stalker x3  
  90  11:38  Stalker x5  
  90  11:39  Stalker x5  
  98  11:40  Stalker  
  104  11:56  Robotics Facility  
  104  12:06  Stalker x2  
  104  12:07  Stalker x6  
  104  12:08  Stalker x5  
  126  12:09  Stalker  
  132  12:17  Pylon  
  132  12:19  Pylon x2  
  132  12:20  Shield Battery  
  132  12:21  Shield Battery  
  132  12:23  Protoss Shields Level 1  
  132  12:25  Shield Battery  
  132  12:29  Shield Battery  
  132  12:31  Photon Cannon  
  132  12:33  Photon Cannon  
  132  12:36  Photon Cannon  
  134  12:37  Immortal x2  
  140  13:03  Zealot x4  
  140  13:24  Stalker x6  
  140  13:25  Stalker x4  
  140  13:26  Stalker x4  
  168  13:51  Stalker x5  
  168  13:52  Stalker x4  
  168  13:53  Stalker, Protoss Ground Armor Level 3  
  188  14:13  Zealot x2  
  188  14:14  Zealot x2  
  188  14:53  Stalker x5  
  188  14:54  Stalker  
  200  15:09  Nexus  
  200  15:10  Pylon  
  200  15:11  Pylon  
  200  15:16  Nexus  
  200  15:17  Pylon  
  200  15:19  Pylon  
  124  16:00  Stalker x2  
  124  16:01  Stalker x5  
  124  16:02  Stalker x4  
  124  16:03  Stalker x3  
  112  16:31  Zealot  
  112  16:32  Zealot x3  
  116  16:33  Stalker x5  
  116  16:34  Stalker  
  122  17:19  Stalker x5  
  132  17:39  Assimilator  
  132  17:42  Zealot x5, Assimilator  
  132  17:43  Zealot x5  
  152  17:44  Zealot x2  
  156  18:01  Charge  
  144  18:24  Zealot x4  
  144  18:25  Zealot x4  
  144  18:26  Zealot x5  
  170  18:27  Zealot  
  172  18:41  Assimilator  
  172  18:43  Assimilator  
  172  18:47  Assimilator  
  172  18:49  Assimilator  
  172  18:52  Stalker x5  
  172  18:53  Stalker x4  
  168  19:38  Zealot x4  
  156  19:39  Zealot x5  
Tags
 
Add a new tag
Caveats
  • Supply blocks, unpowered buildings, or Contaminate may cause inaccurate times.
  • Supply counts are checked every 10 seconds.